 Dungeon Crawl Stone Soup version 0.18-a0-1805-g8ab820f (webtiles) character file.

289 RatWanderer the Cudgeler (level 6, -1/44 HPs)
             Began as a Demonspawn Wanderer on Apr 26, 2016.
             Was a Follower of Okawaru.
             Slain by Edmund
             ... wielding a +1 flail of crushing
              (4 damage)
             ... on level 5 of the Dungeon.
             The game lasted 00:08:05 (3903 turns).

RatWanderer the Cudgeler (Demonspawn Wanderer)      Turns: 3903, Time: 00:08:05

Health: -1/44      AC:  6    Str: 16    XL:     6   Next: 9%
Magic:  6/6        EV:  8    Int: 12    God:    Okawaru [*.....]
Gold:   173        SH:  3    Dex: 12    Spells: 0 memorised, 5 levels left

rFire  . . .     SeeInvis .     a - +1 spear (flame)
rCold  . . .     Gourm    .     i - +0 scale mail
rNeg   . . .     Faith    .     n - +0 buckler
rPois  .         Spirit   .     (helmet restricted)
rElec  .         Dismiss  .     (no cloak)
rCorr  .         Reflect  .     (no gloves)
SustAt .         Harm     .     (no boots)
MR     .....                    (no amulet)
Stlth  ..........               (no ring)
                                (no ring)

@: not resistant to hostile enchantments, extremely unstealthy
A: antennae 2, claws 2, powered by death 1
a: Heroism, Renounce Religion


You were on level 5 of the Dungeon.
You worshipped Okawaru.
Okawaru was aware of your devotion.
You were not hungry.

You visited 1 branch of the dungeon, and saw 5 of its levels.

You collected 173 gold pieces.

Inventory:

Hand Weapons
 a - a +1 spear of flaming (weapon)
 b - a +0 whip
 c - a +0 falchion
Missiles
 q - 11 poisoned needles
Armour
 e - a +0 robe
 i - a +0 scale mail (worn)
 n - a +0 buckler (worn)
Wands
 d - a wand of random effects (4/48)
Scrolls
 h - 2 scrolls of blinking {unknown}
 j - 3 scrolls of identify {unknown}
 l - a scroll of amnesia {unknown}
 m - a scroll of noise {unknown}
 p - a scroll of remove curse {unknown}
 s - a scroll of fog {unknown}
 w - a scroll of magic mapping {unknown}
 y - a scroll of recharging {unknown}
Potions
 r - a potion of cancellation {unknown}
 t - a potion of lignification {unknown}
 u - a potion of beneficial mutation {unknown}
 v - a potion of haste {unknown}
 x - a potion of might {unknown}
Comestibles
 f - 2 bread rations
 o - 3 fruits


   Skills:
 - Level 2.1 Fighting
 + Level 5.4 Maces & Flails
   Level 1.7 Bows
 - Level 1.0 Stealth
 - Level 1.0 Shields
 - Level 2.6 Unarmed Combat
 - Level 1.0 Evocations


You had 5 spell levels left.
You didn't know any spells.

Dungeon Overview and Level Annotations

Branches:
Dungeon (5/15)             Temple (0/1) D:5

Altars:
Dithmenos
Elyvilon
Gozag
Okawaru
Qazlal
Ru
Xom
Zin

Annotations:
D:4 Dowan, Duvessa, Sigmund
D:5 Edmund


Innate Abilities, Weirdness & Mutations

You have a pair of antennae on your head.
You have very sharp fingernails.
You regenerate a little health from kills.


Message History

Edmund is severely wounded.
Edmund barely misses you.
You completely miss Edmund.
Edmund is severely wounded.
Edmund hits you with a flail of crushing.
You hit Edmund. You burn Edmund.
Edmund is almost dead.
Edmund hits you with a flail of crushing.
You barely miss Edmund.
Edmund is almost dead.
Edmund hits you with a flail of crushing.
* * * LOW HITPOINT WARNING * * *
x2 You closely miss Edmund.
Edmund is almost dead.
Edmund hits you with a flail of crushing.
* * * LOW HITPOINT WARNING * * *
x2 You closely miss Edmund.
Edmund is almost dead.
Edmund hits you with a flail of crushing.
You die...

######†..## ....
####........###...#
###....#..........#
#########.........#.....#####
............##..###...#.#...
#......##.###..## #.).#†#.#
#.......# #.## #####...##
...###.#####.# ##$..# #.#
##@.# ##..# #####.###@.##
#..... ..#####....).)..##
.....### #.....(.#####...###
#####.# #####....######.....
..# #.##....# ....## #### ...
####.##.##... #.# #....# ####
#.. #.[..#


You could see Edmund.

Vanquished Creatures
  An orc wizard (D:5)
  A centaur skeleton (D:3)
  An iguana (D:5)
  Natasha (thrice) (D:3)
  A worker ant (D:5)
  An adder (D:2)
  3 gnolls (D:5)
  2 oozes
  A worm (D:3)
  5 giant geckos
  6 orcs
  A giant cockroach (D:5)
  3 goblins (D:3)
  5 hobgoblins
  8 kobolds
  2 quokkas (D:2)
  A ball python (D:4)
  6 bats
  3 giant newts
  5 rats
59 creatures vanquished.

Notes
Turn   | Place    | Note
--------------------------------------------------------------
     0 | D:1      | RatWanderer the Demonspawn Wanderer began the quest for the Orb.
     0 | D:1      | RatWanderer set off with: a potion of berserk rage, a potion of heal wounds, a +0 falchion, a wand of random effects (15/48), a +0 robe, a bread ration
     0 | D:1      | Reached XP level 1. HP: 16/16 MP: 1/1
   422 | D:2      | Found a shimmering altar of Xom.
   422 | D:2      | Noticed an angel
   423 | D:2      | Found a glowing silver altar of Zin.
   621 | D:2      | Reached skill level 1 in Maces & Flails
   781 | D:2      | Gained mutation: You regenerate a little health from kills. [demonic ancestry]
   781 | D:2      | Reached XP level 2. HP: 22/22 MP: 2/2
   867 | D:2      | Reached skill level 2 in Maces & Flails
   952 | D:2      | Found an iron altar of Okawaru.
   960 | D:2      | Became a worshipper of Warmaster Okawaru
  1410 | D:1      | Gained mutation: You have sharp fingernails. [demonic ancestry]
  1410 | D:1      | Reached XP level 3. HP: 20/27 MP: 3/3
  2342 | D:3      | Found an opulent altar of Gozag.
  2451 | D:3      | Noticed Natasha
  2462 | D:3      | Killed Natasha
  2462 | D:3      | Reached skill level 3 in Maces & Flails
  2462 | D:3      | Gained mutation: You have very sharp fingernails. [demonic ancestry]
  2462 | D:3      | Reached XP level 4. HP: 16/33 MP: 4/4
  2533 | D:3      | Noticed Natasha
  2548 | D:3      | Killed Natasha
  2696 | D:3      | Found a shadowy altar of Dithmenos.
  2699 | D:3      | Found a white marble altar of Elyvilon.
  2702 | D:3      | Found a sacrificial altar of Ru.
  2714 | D:3      | Noticed Natasha
  2723 | D:3      | Reached skill level 4 in Maces & Flails
  2738 | D:3      | Killed Natasha
  2738 | D:3      | Gained mutation: You have a pair of small antennae on your head. [demonic ancestry]
  2738 | D:3      | Reached XP level 5. HP: 12/38 MP: 5/5
  3232 | D:4      | Found a stormy altar of Qazlal.
  3324 | D:4      | Noticed Sigmund
  3346 | D:4      | Noticed Duvessa
  3348 | D:4      | Noticed Dowan
  3444 | D:4      | Noticed an ogre
  3445 | D:4      | Noticed a black bear
  3553 | D:5      | Entered Level 5 of the Dungeon
  3563 | D:5      | HP: 1/38 [iguana (3)]
  3647 | D:5      | Reached * piety under Okawaru
  3647 | D:5      | Reached skill level 5 in Maces & Flails
  3698 | D:5      | Found a staircase to the Ecumenical Temple.
  3757 | D:5      | Gained mutation: You have a pair of antennae on your head. [demonic ancestry]
  3757 | D:5      | Reached XP level 6. HP: 43/44 MP: 6/6
  3769 | D:5      | Noticed Edmund
  3903 | D:5      | Slain by Edmund

Vault maps used:
D:1:      onia_arrival_mini_spirals
D:2:      kennysheep_okawaru_gauntlet, grunt_temple_overflow_order_and_chaos_1,
          first_bread, serial_curves, eino_curves_03, eino_curves_04
D:3:      lemuel_doored_altar, grunt_temple_overflow_diamond, uniq_natasha
D:4:      nicolae_overflow_crystal_walls, lemuel_crystal_altar, minmay_vboxes,
          uniq_duvessa, uniq_sigmund
D:5:      gammafunk_temple_overflow_forgotten,
          minmay_temple_entry_statues_fountains, minmay_tree_intersection,
          uniq_edmund

Skill      XL: |  1  2  3  4  5 |
---------------+----------------+-----
Maces & Flails | 1 2 3 4 5 |  5.4
Fighting       | |  2.1
Bows           | |  1.7
Stealth        | |  1.0
Shields        | |  1.0
Unarmed Combat | |  2.6
Evocations     | |  1.0

Action                   |  1- 3 |  4- 6 || total
-------------------------+-------+-------++-------
Melee: Whip              |   176 |   151 ||   327
       Falchion          |     3 |       ||     3
       Spear             |       |    71 ||    71
Evoke: Wand              |     3 |     8 ||    11
  Use: Potion            |       |     3 ||     3
  Eat: Bread ration      |     1 |       ||     1
       Chunk             |     1 |     2 ||     3
       Royal jelly       |       |     2 ||     2
Armor: Scale mail        |   104 |    48 ||   152
       Robe              |     2 |       ||     2
Dodge: Dodged            |    74 |    69 ||   143
Block: Buckler           |    29 |    25 ||    54
